Map: Acropolis LE

Players

Plagueis - Winner!

  • Race: Protoss Protoss
  • League: Platinum
  • Spawn Location: 11:00

Smeeeger

  • Race: Zerg Zerg
  • League: Platinum
  • Spawn Location: 5:00

VOD

Have the link to the VOD?

Description

Time

  • Played on: July 21, 2019, 7:46 a.m.
  • Length: 12:42
Show
View Real Time Build Order
Export as new Build Order

Plagueis Protoss - Winner!

Build Orders: 1 Gate Expand, Chargelot Immortal 

Get SALT Encoding   

  12  0:01  Probe  
  13  0:13  Probe  
  14  0:21  Pylon  
  14  0:25  Probe  
  15  0:35  Probe  
  16  0:43  Probe  
  16  0:46  Gateway  
  17  0:51  Assimilator  
  17  0:53  Probe  
  18  1:04  Pylon  
  18  1:12  Probe  
  19  1:20  Probe  
  20  1:29  Probe  
  21  1:35  Nexus  
  21  1:45  Cybernetics Core  
  21  1:49  Zealot  
  23  1:58  Pylon  
  23  2:01  Assimilator  
  23  2:15  Probe  
  24  2:23  Probe  
  24  2:28  Adept  
  27  2:30  Warp Gate  
  27  2:31  Probe  
  28  2:43  Probe  
  29  2:47  Probe  
  29  2:51  Stargate  
  30  2:55  Probe x2  
  30  2:56  Shield Battery  
  29  3:05  Probe  
  30  3:06  Sentry  
  30  3:07  Probe  
  33  3:14  Probe  
  33  3:19  Gateway, Probe  
  35  3:22  Probe  
  36  3:27  Void Ray  
  36  3:31  Probe x2  
  42  3:43  Probe  
  42  3:47  Twilight Council  
  43  3:50  Probe  
  43  3:54  Adept, Pylon  
  46  4:03  Pylon  
  46  4:12  Adept, Probe x2  
  50  4:19  Pylon  
  50  4:24  Probe x2  
  50  4:26  Void Ray  
  56  4:32  Probe, Assimilator  
  56  4:34  Assimilator  
  56  4:37  Probe  
  58  4:39  Charge  
  58  4:40  Probe  
  59  4:49  Gateway, Probe  
  59  4:52  Probe  
  60  4:53  Gateway  
  61  5:01  Probe  
  61  5:03  Forge  
  61  5:04  Probe  
  63  5:13  Zealot x2, Probe  
  68  5:16  Probe  
  69  5:22  Pylon  
  69  5:26  Nexus  
  69  5:32  Pylon  
  69  5:35  Pylon  
  69  5:45  Probe  
  69  5:46  Probe  
  71  5:51  Zealot x2  
  75  5:58  Probe x2  
  77  6:07  Photon Cannon, Void Ray  
  77  6:09  Robotics Facility  
  77  6:10  Probe  
  79  6:11  Probe  
  79  6:12  Robotics Facility  
  83  6:22  Probe  
  83  6:23  Probe  
  85  6:32  Sentry x2  
  87  6:34  Protoss Ground Weapons Level 1, Probe  
  87  6:35  Probe, Protoss Air Weapons Level 1  
  91  6:41  Gateway  
  91  6:42  Gateway  
  91  6:50  Pylon  
  91  6:52  Immortal  
  91  6:53  Gateway  
  91  6:55  Gateway  
  91  6:57  Probe  
  91  6:58  Probe x2  
  91  7:01  Photon Cannon  
  94  7:03  Assimilator  
  94  7:04  Observer  
  94  7:05  Probe, Assimilator  
  99  7:10  Probe  
  101  7:18  Photon Cannon  
  101  7:21  Robotics Bay  
  101  7:24  Dark Shrine  
  101  7:27  Immortal  
  101  7:28  Pylon  
  101  7:33  Observer  
  101  7:39  Pylon  
  101  7:41  Immortal  
  101  7:43  Pylon  
  106  7:46  Probe x2  
  108  7:56  Immortal  
  112  8:04  Void Ray  
  116  8:11  Colossus  
  125  8:29  Extended Thermal Lance  
  125  8:31  Blink  
  125  8:40  Zealot x4  
  125  8:41  Zealot x3  
  135  8:43  Zealot  
  141  8:49  Pylon  
  141  8:50  Colossus  
  141  8:51  Colossus, Pylon  
  141  9:00  Nexus  
  141  9:02  Pylon x2  
  141  9:06  Pylon  
  153  9:12  Void Ray  
  157  9:19  Protoss Air Armor Level 1  
  157  9:25  Stargate  
  157  9:30  Colossus  
  157  9:31  Protoss Ground Weapons Level 2  
  157  9:32  Pylon  
  157  9:42  Colossus  
  169  9:54  Void Ray  
  148  10:16  Immortal  
  148  10:19  Zealot x3  
  148  10:20  Zealot x5  
  164  10:33  Nexus  
  164  10:36  Pylon  
  164  10:37  Probe  
  164  10:38  Pylon  
  164  10:40  Pylon  
  165  10:44  Pylon  
  165  10:50  Immortal  
  165  10:53  Void Ray  
  165  10:54  Immortal  
  165  10:55  Pylon  
  165  10:56  Probe x2, Void Ray  
  179  10:57  Pylon  
  183  11:12  Photon Cannon  
  183  11:16  Photon Cannon x2  
  183  11:22  Dark Templar x2  
  183  11:23  Dark Templar  
  189  11:27  Dark Templar  
  189  11:31  Dark Templar  
  193  11:34  Dark Templar  
  193  11:37  Dark Templar  
  197  11:40  Dark Templar  
  197  11:42  Archon  
  197  11:43  Archon x2  
  197  11:45  Archon  
  199  11:59  Assimilator  
  199  12:02  Photon Cannon  
  199  12:03  Assimilator  
  199  12:04  Observer, Photon Cannon  
  200  12:08  Photon Cannon  
Show
View Real Time Build Order
Export as new Build Order

Smeeeger Zerg 

Build Orders: Hatch First 

Get SALT Encoding   

  12  0:01  Drone  
  13  0:15  Overlord  
  13  0:17  Drone  
  14  0:33  Drone x2  
  16  0:40  Drone  
  17  0:48  Drone  
  18  1:08  Extractor  
  18  1:09  Drone  
  18  1:12  Hatchery  
  17  1:23  Drone  
  17  1:24  Spawning Pool  
  17  1:25  Drone  
  17  1:31  Drone  
  19  1:42  Overlord  
  19  2:12  Queen  
  21  2:20  Zergling x6  
  24  2:24  Queen  
  26  2:34  Metabolic Boost  
  26  2:38  Hatchery  
  26  2:42  Baneling Nest  
  24  2:45  Drone  
  24  2:46  Drone  
  24  2:47  Drone  
  26  3:09  Drone x2  
  26  3:10  Drone x3  
  31  3:19  Overlord  
  31  3:25  Overlord  
  31  3:26  Drone  
  32  3:43  Spore Crawler  
  32  3:45  Spore Crawler, Queen  
  32  3:47  Queen  
  32  3:48  Drone x2  
  35  3:51  Drone x2  
  35  3:54  Drone  
  39  4:00  Spore Crawler  
  38  4:08  Spore Crawler, Queen  
  39  4:16  Drone x3  
  39  4:17  Drone  
  43  4:34  Lair  
  43  4:38  Drone x5  
  47  4:40  Zergling x6  
  47  4:41  Zergling x2  
  52  4:49  Overlord x2  
  52  5:00  Evolution Chamber x2  
  50  5:09  Drone x4  
  50  5:10  Drone  
  55  5:15  Drone x4  
  55  5:16  Drone x3  
  55  5:20  Overlord  
  62  5:21  Overlord  
  62  5:33  Zerg Ground Armor Level 1  
  56  6:04  Drone, Hydralisk Den  
  56  6:05  Drone x4, Overlord  
  56  6:06  Drone, Overlord  
  56  6:07  Hatchery  
  56  6:11  Overlord, Extractor x2  
  59  6:14  Drone x2  
  59  6:15  Drone x2  
  59  6:16  Drone x2  
  64  6:25  Zergling x6  
  66  6:26  Zergling x6  
  70  6:38  Grooved Spines  
  70  6:39  Hydralisk  
  70  6:47  Queen x2  
  72  6:48  Queen  
  72  6:53  Spore Crawler  
  77  6:54  Hydralisk x2  
  77  6:55  Spore Crawler  
  80  7:04  Drone, Overlord x3, Extractor  
  80  7:05  Drone  
  80  7:06  Drone x4, Extractor  
  80  7:07  Drone  
  85  7:09  Zerg Missile Weapons Level 1  
  85  7:19  Queen  
  87  7:25  Drone  
  87  7:26  Hydralisk, Drone x2  
  87  7:27  Hydralisk x2  
  87  7:29  Hydralisk  
  98  7:49  Hydralisk x5, Drone x2  
  110  7:51  Drone x3  
  110  7:52  Drone x3, Overlord x2  
  110  7:53  Overlord  
  110  7:55  Overseer  
  116  8:01  Baneling  
  116  8:02  Baneling x4  
  116  8:14  Muscular Augments  
  116  8:17  Drone x3  
  116  8:18  Drone  
  120  8:20  Spore Crawler x3, Drone x4  
  120  8:23  Hydralisk x3  
  120  8:24  Hydralisk  
  129  8:35  Drone x3  
  129  8:38  Drone x4, Extractor  
  129  8:39  Drone x2, Extractor  
  129  8:40  Overlord  
  136  8:53  Infestation Pit  
  136  8:54  Extractor  
  134  8:57  Spine Crawler  
  134  8:58  Spine Crawler  
  134  8:59  Drone x2  
  134  9:01  Spine Crawler  
  133  9:05  Spine Crawler  
  133  9:06  Drone x2  
  133  9:08  Spine Crawler  
  133  9:11  Hydralisk  
  133  9:12  Hydralisk x10, Spine Crawler  
  133  9:13  Spine Crawler  
  153  9:27  Infestation Pit  
  153  9:29  Zergling x2  
  153  9:30  Zergling x14  
  135  10:18  Hydralisk x8  
  135  10:19  Hydralisk x2  
  150  10:29  Zergling x4  
  152  10:37  Overlord x4  
  152  10:44  Hive  
  152  10:46  Pathogen Glands  
  152  10:55  Zergling x24  
  164  11:02  Infestor  
  166  11:18  Hatchery  
  166  11:23  Centrifical Hooks  
  165  11:29  Baneling x8  
  165  11:30  Hydralisk, Baneling x7  
  165  11:31  Hydralisk x5  
  177  11:43  Pneumatized Carapace  
  177  12:03  Hatchery  
  177  12:06  Overseer  
  122  12:24  Zergling x34  
  122  12:25  Zergling x32  
Tags
 
Add a new tag
Caveats
  • Supply blocks, unpowered buildings, or Contaminate may cause inaccurate times.
  • Supply counts are checked every 10 seconds.